 Dungeon Crawl Stone Soup version 0.30.1-3-gfc49f6343a (webtiles) character file.

Game seed: 14390347756354234127

158 Wiggles the Chopper (level 5, -2/48 HPs)
             Began as a Minotaur Berserker on July 20, 2023.
             Was a Priest of Trog.
             Killed by divine providence
             ... invoked by an orc priest
              (15 damage)
             ... on level 3 of the Dungeon.
             The game lasted 00:02:58 (1432 turns).

Wiggles the Chopper (Minotaur Berserker)            Turns: 1432, Time: 00:02:58

Health: -2/48      AC:  5    Str: 23    XL:     5   Next: 16%
Magic:  4/4        EV: 17    Int:  4    God:    Trog [***...]
Gold:   113        SH:  0    Dex: 16    Spells: 4/4 levels left

rFire   . . .        a - +0 hand axe
rCold   . . .        (no shield)
rNeg    . . .        i - +0 ring mail
rPois   .            (helmet restricted)
rElec   .            (no cloak)
rCorr   .            (no gloves)
SInv    .            (no boots)
Will    .....        c - amulet of faith Stlth
                     b - +6 ring of dexterity
HPRegen 0.28/turn    q - +5 ring of evasion
MPRegen 0.09/turn

%: faith
@: confused
A: horns 2, retaliatory headbutt
a: Renounce Religion, Berserk, Trog's Hand


You were on level 3 of the Dungeon.
You worshipped Trog.
Trog was most pleased with you.
You visited 1 branch of the dungeon, and saw 5 of its levels.

You collected 113 gold pieces.

Inventory:

Hand Weapons
 a - a +0 hand axe (weapon)
Armour
 i - a +0 ring mail (worn)
Jewellery
 b - a +6 ring of dexterity (left hand)
 c - an amulet of faith (around neck)
 n - an amulet of magic regeneration
 q - a +5 ring of evasion (right hand)
Scrolls
 d - 3 scrolls of teleportation {unknown}
 e - a scroll of enchant armour {unknown}
 g - 4 scrolls of amnesia {unknown}
 l - 2 scrolls of identify {unknown}
Potions
 f - a potion of might {unknown}
 h - a potion of flight {unknown}
 j - a potion of berserk rage {unknown}
 k - a potion of heal wounds {unknown}
 m - a potion of mutation {unknown}
 o - a potion of degeneration {unknown}
 p - a potion of cancellation {unknown}


   Skills:
 + Level 5.0 Fighting
 + Level 5.2 Axes
 + Level 3.4 Armour
 + Level 2.8 Dodging
 + Level 0.1 Stealth


You had 4 spell levels left.
You didn't know any spells.
Your spell library was empty.

Dungeon Overview and Level Annotations

Branches:
Dungeon (5/15)
 Temple: D:4-7

Altars:


Innate Abilities, Weirdness & Mutations

You have a pair of horns on your head.
You reflexively headbutt those who attack you in melee.


Message History

You hit the orc.
You kill the orc!
Trog accepts your kill.
You hit the orc wizard but do no damage.
The orc wizard closely misses you.
The orc priest hits you but does no damage.
You barely miss the orc priest.
The orc priest is severely wounded.
You hit the orc wizard but do no damage.
You closely miss the giant cockroach.
The giant cockroach bites you but does no damage.
The orc priest miscasts a cantrip.
The orc wizard barely misses you.
You hit the orc priest.
The orc priest is almost dead.
You hit the orc wizard.
You hit the giant cockroach but do no damage.
The giant cockroach closely misses you. You furiously retaliate!
You headbutt the giant cockroach.
You kill the giant cockroach!
Trog accepts your kill.
The orc wizard hits you with a +0 dagger.
The orc priest invokes the aid of Beogh against you.
Beogh smites you!
You hit the orc priest but do no damage.
You headbutt the orc priest, but do no damage.
The orc priest is almost dead.
You hit the orc wizard.
The orc wizard hits you with a +0 dagger.
The orc priest hits you with a +0 whip.
You barely miss the orc priest. Your headbutt misses the orc priest.
The orc priest is almost dead.
You closely miss the orc wizard.
The orc wizard gestures at you while chanting.
You are confused.
The orc priest hits you with a +0 whip.
* * * LOW HITPOINT WARNING * * *
The orc priest calls down the wrath of Beogh upon you.
Beogh smites you!
You die...

##.# ......... ..
.......... ... ##
#...>....#
##.....#####......?.#
......!.........
#..#..........
#............
#####.oo.<.....
.........@.......
########........#
##......## ########


You could see an orc priest and an orc wizard.

Vanquished Creatures
  An orc priest (D:4)
  An orc wizard (D:4)
  Robin (D:3)
  An adder (D:3)
  2 worms (D:2)
  5 dart slugs
  6 orcs
  3 ball pythons
  2 endoplasms (D:1)
  4 giant cockroaches
  7 goblins
  11 hobgoblins
  7 kobolds
  A quokka (D:3)
  3 bats
  3 frilled lizards (D:2)
  4 rats
62 creatures vanquished.

Notes
Turn   | Place    | Note
-------+----------+-------------------------------------------
     0 | D:1      | Wiggles the Minotaur Berserker began the quest for the Orb.
     0 | D:1      | Reached XP level 1. HP: 19/19 MP: 0/0
   134 | D:1      | Reached XP level 2. HP: 21/27 MP: 1/1
   269 | D:1      | Reached ** piety under Trog
   443 | D:1      | Reached XP level 3. HP: 34/34 MP: 2/2
  1101 | D:3      | Noticed Robin
  1109 | D:3      | Killed Robin
  1110 | D:3      | Reached XP level 4. HP: 41/41 MP: 3/3
  1280 | D:3      | You fall into a shaft and drop 2 floors!
  1280 | D:5      | Entered Level 5 of the Dungeon
  1327 | D:4      | Reached *** piety under Trog
  1331 | D:4      | Reached skill level 5 in Axes
  1337 | D:4      | Reached skill level 5 in Fighting
  1337 | D:4      | Reached XP level 5. HP: 30/48 MP: 4/4
  1432 | D:3      | Killed from afar by an orc priest

Illustrated notes

Levels and vault maps discovered:
D:1:      lemuel_arrival_cross, layout_rooms, serial_bayou_pond_e,
          minmay_close_crescents
D:2:      layout_basic
D:3:      layout_rooms, uniq_robin
D:4:      layout_loops_corners
D:5:      layout_basic, minmay_temple_entry_trees, serial_shops, shop

Skill      XL: |  1  2  3  4 |
---------------+-------------+-----
Fighting       | 4 5 |  5.0
Axes           | 4 5 |  5.2
Armour         | 3 |  3.4
Dodging        | |  2.8
Stealth        | |  0.1

Action                     |  1- 3 |  4- 6 || total
---------------------------+-------+-------++-------
  Melee: Hand axe          |    75 |    36 ||   111
         Headbutt          |    13 |     1 ||    14
 Invoke: Berserk           |     1 |       ||     1
 Armour: Animal skin       |     3 |       ||     3
         Ring mail         |    13 |     6 ||    19
         Leather armour    |     1 |       ||     1
  Dodge: Dodged            |    50 |    23 ||    73
